 Dungeon Crawl Stone Soup version 0.27-a0-1196-g3e9cee4cb2 (webtiles) character file.

Game seed: 4348958440006253129

11725 Conn the Arsonist (level 11, -13/66 HPs)
             Began as an Octopode Fire Elementalist on May 29, 2021.
             Was a Believer of Sif Muna.
             Shot with a bolt by a yaktaur (31 damage)
             ... in a volcano.
             The game lasted 00:58:39 (18256 turns).

Conn the Arsonist (Octopode Fire Elementalist)     Turns: 18256, Time: 00:58:40

Health: -13/66     AC:  1    Str:  6 (8)  XL:     11   Next: 82%
Magic:  23/23      EV: 14    Int: 20 (21) God:    Sif Muna [**....]
Gold:   553        SH:  5    Dex: 11 (12) Spells: 5/27 levels left

rFire    + + +     SeeInvis .   u - +2 dagger (venom)
rCold    + . .     Faith    .   (no shield)
rNeg     . . .     Spirit   .   (helmet restricted)
rPois    +         Reflect  +   g - amulet of reflection
rElec    +         Harm     .   r - ring of protection from fire
rCorr    +         Rampage  .   C - ring of protection from fire
Will     .....                  (no ring)
Stlth    ++++......             (no ring)
HPRegen  0.21/turn              (no ring)
MPRegen  0.18/turn              (no ring)
                                (no ring)
                                (no ring)

@: resistant, hasted, very quick
A: almost no armour, amphibious, 8 rings, camouflage 1, gelatinous body 1,
(nimble swimmer 1), tentacles
a: Renounce Religion, Channel Magic


You were in a volcano.
You worshipped Sif Muna.
Sif Muna was pleased with you.
You visited 2 branches of the dungeon, and saw 12 of its levels.
You also visited: Volcano.

You collected 553 gold pieces.

Inventory:

Hand Weapons
 b - a +0 short sword
 l - a +0 rapier
 p - a +0 vampiric short sword
 t - a +4 mace of freezing
 u - a +2 dagger of venom (weapon)
Missiles
 h - 26 poisoned darts (quivered)
 H - 3 curare-tipped darts
Jewellery
 g - an amulet of reflection (around mantle)
 r - a ring of protection from fire (left tentacle)
 C - a ring of protection from fire (right tentacle)
Wands
 s - a wand of polymorph (7)
 y - a wand of charming (10)
 A - a wand of flame (34)
Scrolls
 a - 8 scrolls of identify
 c - a scroll of fear
 d - a scroll of blinking
 e - 2 scrolls of teleportation {unknown}
 f - 4 scrolls of immolation
 k - a scroll of noise
 m - 3 scrolls of magic mapping
 o - 2 scrolls of enchant armour
 v - a scroll of enchant weapon {unknown}
 w - a scroll of acquirement {unknown}
 D - a scroll of amnesia {unknown}
Potions
 j - a potion of curing
 q - a potion of attraction
 z - a potion of lignification
 B - a potion of flight


   Skills:
 + Level 2.8 Fighting
 + Level 3.5 Short Blades
 + Level 1.1 Throwing
 + Level 4.6 Dodging
 + Level 6.4 Stealth
 + Level 1.4 Shields
 * Level 8.9 Spellcasting
 * Level 8.8 Conjurations
 + Level 2.8 Hexes
 * Level 9.2 Fire Magic
 * Level 2.1 Ice Magic
 + Level 5.1 Invocations
 + Level 0.2 Evocations


You had 5 spell levels left.
You knew the following spells:

 Your Spells              Type           Power      Damage    Failure   Level
a - Foxfire               Conj/Fire      100%       2x1d9     1%          1
b - Conjure Flame         Conj/Fire      45%        6-21      1%          3
c - Inner Flame           Hex/Fire       33%        N/A       1%          3
d - Sticky Flame          Conj/Fire      45%        2d6       1%          4
e - Fireball              Conj/Fire      22%        3d10      5%          5
f - Slow                  Hex            20%        N/A       3%          2
g - Ice Form              Ice/Tmut       13%        N/A       45%         4

Your spell library contained the following spells:

 Spells                   Type           Power      Damage    Failure   Level
 Corona                   Hex            22%        N/A       2%          1
 Beastly Appendage        Tmut           16%        N/A       8%          1
 Wereblood                Tmut           8%         N/A       12%         2
 Portal Projectile        Hex/Tloc       28%        N/A       13%         3
 Spider Form              Tmut/Pois      4%         N/A       24%         3
 Cause Fear               Hex            10%        N/A       24%         4
 Leda's Liquefaction      Hex/Erth       7%         N/A       41%         4
 Hydra Form               Tmut           4%         N/A       91%         5


Dungeon Overview and Level Annotations

Branches:
Dungeon (10/15)            Temple (0/1) D:7            Lair (2/6) D:8
Volcano (1/1)
  Swamp: Lair:2-4    Shoals: Lair:2-4     Snake: Lair:2-4    Spider: Lair:2-4
    Orc: D:9-12

Altars:
Ashenzari
Dithmenos
Fedhas
Sif Muna
The Shining One

Annotations:
D:4 1 runed translucent door, endorz's ghost, amateur MiBe
D:7 2 transporters, losten's ghost, novice DsGl
D:10 3 runed translucent doors, philipeq's ghost, journeyman DsMo


Innate Abilities, Weirdness & Mutations

You cannot wear most types of armour.
You are amphibious.
You can wear up to eight rings at the same time.
Your skin changes colour to match your surroundings (Stealth+).
Your rubbery body absorbs attacks. (AC +1, EV +1)
((You are camouflaged near water. (Stealth+)))
You have tentacles for arms and can constrict up to eight enemies at once.


Message History

Okay, then.
Okay, then.
It was a potion of brilliance.
You feel clever all of a sudden.
It was a potion of cancellation.
Your magical effects are unravelling.
You feel magically purged.
You feel a little less clever now.
It was a potion of resistance.
You feel protected.
It was a potion of haste.
You feel yourself speed up.
Okay, then.
Something unseen opens the door.
Aiming: Charm
Press: ? - help, Shift-Dir - straight line, f - yaktaur
Aim: a yaktaur, wielding a +2 arbalest of flaming and quivering bolts (chance to affect: 28%)
The yaktaur easily resists.
The yaktaur shoots a bolt.
The bolt hits you!!
* * * LOW HITPOINT WARNING * * *
The bolt burns you.
* * * LOW HITPOINT WARNING * * *
You hear a shout!
As you read the scroll of fear, it crumbles to dust.
You assume a fearsome visage.
The yaktaur looks frightened!
You hear a shout!
You feel better.
Aiming: Polymorph
Press: ? - help, Shift-Dir - straight line, f - lava snake
Aim: a lava snake (lava, wandering, hasn't noticed you, will become a killer bee, a bat, or a fire bat, chance to affect: 54%)
The lava snake hisses angrily.
The lava snake evaporates and reforms as a bat!
Casting: Foxfire (safe; 1% risk of failure)
Confirm with . or Enter, or press ? or * to list all spells.
You conjure some foxfire!
The foxfire hits the bat!
You kill the bat!
Sif Muna accepts your kill.
You start resting.
The air gets thick with the scent of sulphur.
The yaktaur shoots a bolt.
The bolt hits you!!
You die...

.c. #.§≈≈≈≈§≈ §§≈≈.
##++###'###++###.≈≈≈≈≈≈≈≈ ≈≈≈≈≈.
......#§#......#.≈≈≈≈≈≈§≈≈≈§≈≈≈≈≈
#####.#.#.######.≈≈≈≈≈≈≈≈§≈≈§≈§≈.
#.# #.≈≈≈§≈§≈§≈≈≈§≈§§§ #.#
#§§§≈≈≈≈≈§§≈≈§≈≈.. #.#
#§≈§≈§§≈§≈≈≈≈≈≈... #.#
#§§§≈§§§≈§≈≈≈§....
#######'########@≈§≈§≈§≈§≈≈§§≈≈..
.........c......≈.§≈§...≈≈§≈§≈≈≈.
§≈≈≈≈≈≈≈≈§.≈.≈≈≈§§≈§.≈≈≈..≈≈§≈≈..
≈§≈≈§§≈§§≈≈≈≈≈≈≈§≈≈≈§≈≈≈≈≈.......
§§≈≈≈§§§§§§≈≈≈≈§≈≈§§§§§≈≈≈≈≈.....
§§≈≈°§≈§§§§≈≈§≈≈§≈≈§§§≈≈≈§.......
§§≈≈≈≈§≈§§≈§≈≈≈≈≈≈≈≈≈...........#
≈..§≈≈≈≈≈≈≈≈≈≈≈§≈≈≈≈≈.........###
§.....≈§§§§≈.≈≈≈≈≈≈.........###


You could see a yaktaur.

Vanquished Creatures
  A hydra (Lair:2)
  A two-headed ogre (D:10)
  Erica (D:8)
  3 black mambas
  A gargoyle (D:10)
  2 cane toads (Lair:1)
  A rime drake (Lair:2)
  A hornet (D:7)
  Prince Ribbit (D:5)
  A shadow (D:10)
  A fire bat (Volcano)
  2 wyverns
  9 yaks
  2 steam dragons
  A basilisk (D:8)
  3 water moccasins
  3 orc warriors
  A sky beast (D:8)
  2 ice beasts
  2 ogres (D:5)
  A black bear (D:8)
  A necrophage (D:5)
  2 centaurs
  5 wolves (Lair:1)
  A phantom (D:6)
  9 bullfrogs
  A wyvern zombie (D:9)
  A water moccasin skeleton (D:6)
  4 killer bees (D:9)
  10 wights
  A howler monkey (D:8)
  A lava snake (Volcano)
  5 centaur zombies
  A jelly (D:7)
  A hound (D:5)
  3 orc priests
  Jessica (D:3)
  A bullfrog skeleton (D:6)
  4 iguanas
  2 hell rats (Lair:2)
  10 orc wizards
  2 hound skeletons (D:4)
  2 howler monkey zombies
  A gnoll (D:1)
  4 adders
  4 river rats (Lair:2)
  2 shadow imps
  An ufetubus (D:5)
  A worm (D:2)
  4 dart slugs
  26 orcs
  4 endoplasms
  3 giant cockroaches
  7 hobgoblins
  3 jackals (D:2)
  3 quokkas
  6 ball pythons
  5 bats
  4 frilled lizards
  5 goblins
  5 kobolds
  9 rats
205 creatures vanquished.

Vanquished Creatures (collateral kills)
  5 foxfires (Lair:2)
5 creatures vanquished.

Vanquished Creatures (others)
  A lava snake (Volcano)
  688 foxfires
  5 fungi
  23 plants
717 creatures vanquished.

Grand Total: 927 creatures vanquished

Notes
Turn   | Place    | Note
-------+----------+-------------------------------------------
     0 | D:1      | Conn the Octopode Fire Elementalist began the quest for the
                  | Orb.
     0 | D:1      | Reached XP level 1. HP: 11/11 MP: 3/3
   343 | D:1      | Reached XP level 2. HP: 12/17 MP: 0/5
   780 | D:1      | Found a faded altar of an unknown god.
  1055 | D:1      | Reached XP level 3. HP: 21/21 MP: 1/6
  1508 | D:2      | Learned a level 3 spell: Conjure Flame
  2118 | D:2      | Reached XP level 4. HP: 27/27 MP: 4/7
  2451 | D:3      | Noticed Jessica
  2461 | D:3      | Killed Jessica
  2656 | D:3      | HP: 1/27 [orc priest/divine providence (14)]
  3017 | D:3      | Learned a level 3 spell: Inner Flame
  3055 | D:3      | Reached skill level 1 in Short Blades
  3055 | D:3      | Reached XP level 5. HP: 22/31 MP: 7/9
  4303 | D:4      | Reached skill level 4 in Fire Magic
  4755 | D:4      | Found a runed translucent door.
  5047 | D:4      | Found a shimmering blue altar of Sif Muna.
  5055 | D:4      | Became a worshipper of Sif Muna the Loreminder
  5334 | D:4      | Reached XP level 6. HP: 37/37 MP: 10/10
  5747 | D:4      | Noticed endorz's ghost (amateur MiBe)
  5949 | D:4      | Learned a level 4 spell: Sticky Flame
  5986 | D:5      | Entered Level 5 of the Dungeon
  6046 | D:5      | Reached skill level 1 in Fighting
  6238 | D:5      | Noticed Prince Ribbit
  6261 | D:5      | Killed Prince Ribbit
  6262 | D:5      | Reached XP level 7. HP: 24/43 MP: 3/12
  6408 | D:5      | Found a glowing golden altar of the Shining One.
  7094 | D:6      | Reached skill level 5 in Fire Magic
  7154 | D:6      | Reached skill level 5 in Stealth
  7154 | D:6      | Reached XP level 8. HP: 48/48 MP: 6/14
  8076 | D:6      | Reached skill level 5 in Conjurations
  8757 | D:6      | Learned a level 5 spell: Fireball
  8809 | D:7      | Reached skill level 5 in Spellcasting
  8920 | D:7      | Noticed a vampire
  8924 | D:7      | Found a transporter.
  8924 | D:7      | Noticed losten's ghost (novice DsGl)
  8925 | D:7      | Noticed a hornet
  9077 | D:7      | Killed a hornet
  9083 | D:7      | Reached skill level 6 in Fire Magic
  9083 | D:7      | Reached XP level 9. HP: 40/54 MP: 7/17
  9167 | D:7      | Found a transporter.
  9242 | D:7      | Found a staircase to the Ecumenical Temple.
  9258 | D:7      | Reached * piety under Sif Muna
 10317 | D:7      | Learned a level 2 spell: Slow
 10800 | D:8      | Reached skill level 1 in Invocations
 11213 | D:8      | Found a staircase to the Lair.
 11240 | D:8      | Reached skill level 1 in Hexes
 11388 | D:8      | Reached skill level 7 in Fire Magic
 11627 | D:8      | Found a shadowy altar of Dithmenos.
 11636 | D:8      | Noticed Erica
 11644 | D:8      | Killed Erica
 11645 | D:8      | Reached XP level 10. HP: 48/60 MP: 15/20
 11738 | D:8      | Found a broken altar of Ashenzari.
 11739 | D:8      | Found a blossoming altar of Fedhas.
 12626 | D:9      | Reached skill level 8 in Fire Magic
 12957 | D:9      | Reached ** piety under Sif Muna
 13188 | D:10     | Entered Level 10 of the Dungeon
 13733 | D:10     | Reached skill level 1 in Shields
 13907 | D:10     | Reached XP level 11. HP: 60/65 MP: 13/22
 13994 | D:10     | Found a runed translucent gate.
 13995 | D:10     | Found a runed translucent gate.
 13995 | D:10     | Noticed philipeq's ghost (journeyman DsMo)
 13995 | D:10     | Noticed a nine-headed hydra
 13995 | D:10     | Noticed a ten-headed hydra
 13996 | D:10     | Found a runed translucent gate.
 14077 | D:10     | Noticed a two-headed ogre
 14107 | D:10     | Killed a two-headed ogre
 15078 | Lair:1   | Entered Level 1 of the Lair of Beasts
 15585 | Lair:1   | Reached skill level 5 in Invocations
 16098 | Lair:1   | Reached skill level 1 in Throwing
 16218 | Lair:1   | Learned a level 4 spell: Ice Form
 16422 | Lair:1   | Reached skill level 9 in Fire Magic
 16905 | Lair:2   | Noticed a five-headed hydra
 16909 | Lair:2   | Killed a five-headed hydra
 16910 | Lair:2   | Reached skill level 1 in Ice Magic
 17150 | Lair:2   | Identified the +3 pair of boots of Fortification {Rampage
                  | +Inv}
 17351 | Lair:2   | Found a dark tunnel.
 17358 | Volcano  | Entered a volcano
 18225 | Volcano  | Found a bloodstained altar of Trog.
 18225 | Volcano  | Noticed a centaur warrior
 18256 | Volcano  | Shot with a bolt by a yaktaur

Illustrated notes

Levels and vault maps discovered:
D:1:      onia_arrival_pyramid, layout_basic,
          ebering_ecumenical_altar_petrified, minmay_fountain_box
D:2:      layout_basic
D:3:      layout_loops_corners, serial_aquarium, aquarium_bridge_long_separate
          [aquarium_subvault_bridge, aquarium_subvault_balcony,
          aquarium_subvault_bridge, aquarium_subvault_bridge,
          aquarium_subvault_window, aquarium_subvault_wall],
          aquarium_bridge_square [aquarium_subvault_balcony,
          aquarium_subvault_wall, aquarium_subvault_wall,
          aquarium_subvault_bridge], aquarium_window_3, aquarium_window_2,
          aquarium_window_fake, aquarium_view_2e, aquarium_balcony_3a,
          uniq_jessica
D:4:      layout_layer_cave, lemuel_crystal_altar,
          ebering_ghost_reflecting_pool, minmay_unequal
D:5:      layout_rooms, tso_metal_star, uniq_prince_ribbit1
D:6:      layout_loops_ring, kennysheep_big_empty_room, nrook_campfire,
          minivault_27, minmay_misc_feat_secret_circle, corexii_hall_statues_l
D:7:      layout_basic, minmay_temple_entry_glass, gammafunk_ghost_mausoleum,
          nicolae_water_bricks
D:8:      layout_basic, minitemple, david_lair_generic, uniq_erica
D:9:      layout_irregular_city
D:10:     layout_cave_pods, gammafunk_ghost_hydra_chop
Lair:1:   layout_hall_layers
Lair:2:   nzn_winding_woodlands_huge [nzn_winding_woodlands_5x15_pathside_ponds,
          nzn_winding_woodlands_5x15_sidewinder,
          nzn_winding_woodlands_5x15_garden,
          nzn_winding_woodlands_5x15_split_checker,
          nzn_winding_woodlands_5x15_zeroes,
          nzn_winding_woodlands_5x15_lazy_stream,
          nzn_winding_woodlands_5x15_parted, nzn_winding_woodlands_5x15_twine,
          nzn_winding_woodlands_5x15_eye, nzn_winding_woodlands_5x15_pockets,
          nzn_winding_woodlands_center_pierced_h,
          nzn_winding_woodlands_center_garden,
          nzn_winding_woodlands_15x15_five_gardens], layout_cave_shapes,
          enter_volcano_2, serial_bayou_lagoon_a, kennysheep_abandoned_house
Volcano:  volcano_lake [vl_original]

Skill      XL: |  1  2  3  4  5  6  7  8  9 10 11 |
---------------+----------------------------------+-----
Conjurations   | 2 3 4 5 7 8 |  8.8
Short Blades   | 1 2 3 |  3.5
Stealth        | 3 4 5 6 |  6.4
Spellcasting   | 3 4 5 7 8 |  8.9
Fire Magic     | 4 5 6 7 8 9 |  9.2
Fighting       | 1 2 |  2.8
Dodging        | 3 4 |  4.6
Invocations    | 3 4 5 |  5.1
Hexes          | 2 |  2.8
Shields        | 1 |  1.4
Throwing       | 1 |  1.1
Ice Magic      | 2 |  2.1
Evocations     | |  0.2

Action                   |  1- 3 |  4- 6 |  7- 9 | 10-12 || total
-------------------------+-------+-------+-------+-------++-------
Melee: Short sword       |    15 |    30 |    31 |       ||    76
       Constrict         |    10 |    13 |    16 |     9 ||    48
       Tentacles         |     3 |     8 |    12 |    11 ||    34
       Rapier            |    11 |    15 |       |       ||    26
       Dagger            |       |       |    49 |    70 ||   119
Throw: Dart              |       |    10 |       |     1 ||    11
 Cast: Foxfire           |    35 |    52 |   165 |   151 ||   403
       Conjure Flame     |       |     3 |    14 |    14 ||    31
       Sticky Flame      |       |     1 |    13 |    32 ||    46
       Slow              |       |       |     1 |     3 ||     4
       Fireball          |       |       |       |     6 ||     6
Invok: Channel Magic     |       |       |       |     1 ||     1
Evoke: Wand              |       |       |       |     7 ||     7
  Use: Scroll            |     1 |     3 |       |     7 ||    11
       Potion            |       |     1 |     1 |    10 ||    12
 Stab: Sleeping          |     3 |     7 |     5 |     7 ||    22
       Distracted        |       |       |       |     1 ||     1
Armor: Skin              |     3 |     1 |     4 |    10 ||    18
Dodge: Dodged            |    22 |    32 |    45 |    88 ||   187
Block: Other             |       |       |    22 |    28 ||    50

Table legend: (Time is in decaauts)
 A = Elapsed time spent in this place.
 B = Non-inter-level travel time spent in this place.
 C = Inter-level travel time spent in this place.
 D = Time resting spent in this place.
 E = Time spent auto-exploring this place.
 F = Levels seen in this place.
 G = Mean time per level.
                   A        B        C        D        E       F      G
               +--------+--------+--------+--------+--------+-----+--------+
         Total |  18239 |  17972 |    267 |   3689 |  10030 |  13 | 1403.0 |
       Dungeon |  15072 |  14861 |    211 |   2614 |   8869 |  10 | 1507.2 |
          Lair |   2277 |   2221 |     56 |    514 |   1161 |   2 | 1138.5 |
       Volcano |    889 |    889 |      0 |    560 |      0 |   1 |  889.0 |
               +--------+--------+--------+--------+--------+-----+--------+

Top non-repeatable levels by time:
     D:7: 1955 daAuts
  Lair:1: 1925 daAuts
    D:10: 1826 daAuts
     D:4: 1715 daAuts
     D:6: 1709 daAuts
     D:3: 1657 daAuts
     D:1: 1517 daAuts
     D:8: 1387 daAuts
     D:9: 1115 daAuts
     D:2: 1101 daAuts
     D:5: 1085 daAuts
 Volcano: 889 daAuts
  Lair:2: 352 daAuts
